 Dungeon Crawl Stone Soup version 0.31.0-9-g3a7656b989 (webtiles) character file.

Game seed: 11403091389000109198

46 qw the Shooter (level 3, -3/20 HPs)
             Began as a Deep Elf Hunter on Feb 2, 2024.
             Killed from afar by Natasha (5 damage)
             ... with a magic dart
             ... on level 2 of the Dungeon.
             The game lasted 00:00:05 (1425 turns).

qw the Shooter (Deep Elf Hunter)                    Turns: 1425, Time: 00:00:05

Health: -3/20      AC:  6    Str: 10    XL:     3   Next: 44%
Magic:  5/5        EV:  9    Int: 13    God:
Gold:   100        SH:  0    Dex: 18    Spells: 2/2 levels left

rFire   . . .        a - +0 shortbow
rCold   . . .        (shield currently unavailable)
rNeg    . . .        i - +0 scale mail
rPois   .            (no helmet)
rElec   .            (no cloak)
rCorr   .            (no gloves)
SInv    .            (no boots)
Will    .....        (no amulet)
Stlth   +            (no ring)
HPRegen 0.23/turn    (no ring)
MPRegen 0.09/turn

%: no passive effects
@: no status effects
A: no striking features
a: no special abilities


You were on level 2 of the Dungeon.
You visited 1 branch of the dungeon, and saw 2 of its levels.

You collected 100 gold pieces.


   Skills:
 - Level 1.5 Fighting
 + Level 7.0 Ranged Weapons
 - Level 2.4 Dodging
 - Level 1.2 Stealth


You had 2 spell levels left.
You didn't know any spells.
Your spell library was empty.

Inventory:

Hand Weapons
 a - a +0 shortbow (weapon)
Armour
 i - a +0 scale mail (worn)
Scrolls
 d - a scroll of teleportation {unknown}
 e - a scroll of enchant armour {unknown}
Potions
 b - a potion of cancellation {unknown}
 c - 2 potions of berserk rage {unknown}
 f - a potion of haste
 g - a potion of curing

Dungeon Overview and Level Annotations

Branches:
Dungeon (2/15)

Altars:

Annotations:
D:2 Natasha


Message History

Enter note:
Found a stone staircase leading down.
A goblin comes into view. It is wielding a +0 dagger.
Found an escape hatch in the ceiling.
The goblin shouts!
Enter note:
Enter note: You shoot an arrow.
The arrow hits the goblin.
You kill the goblin!
e - a scroll labelled WIFEXI VURETIA
There is an escape hatch in the ceiling here.
Things that are here:
a +0 dagger; a goblin corpse Natasha, Servant of Life and Death comes into view.
Enter note:
Enter note: You shoot an arrow.
The arrow hits Natasha.
Natasha is lightly wounded.
Natasha closely misses you. Natasha barely misses you.
You shoot an arrow. The arrow hits Natasha.
Natasha is moderately wounded.
Natasha claws you.
You shoot an arrow. The arrow hits Natasha!
Natasha is severely wounded.
Natasha wildly gestures.
Natasha shimmers violently.
Natasha claws you. x2
You shoot an arrow. The arrow completely misses Natasha.
Natasha closely misses you.
You shoot an arrow. The arrow barely misses Natasha.
Natasha closely misses you.
You shoot an arrow.
The arrow hits Natasha but does no damage.
Natasha is severely wounded.
Natasha barely misses you. Natasha claws you.
You shoot an arrow. The arrow closely misses Natasha.
Natasha stares at you and mumbles some strange words.
The magic dart hits you.
You die...
Natasha curls up and begins to purr.

####......####
#.##......#
#.......#
#.#######.#
#.......# #.#
#.# #.......#
#.# #.# #
#......##
#.#######.# #
#......#
#.........# #
#......# #
#.######### ..
#......#
##.#.####### #.
########
#..h@......# #
.....########.#
# .... # ... #
##


You could see Natasha.

Vanquished Creatures
  A ribbon worm (D:2)
  An endoplasm (D:1)
  4 giant cockroaches (D:1)
  7 goblins
  4 hobgoblins
  4 jackals (D:1)
  A kobold (D:1)
  A quokka (D:2)
  2 ball pythons (D:1)
  7 bats
  3 frilled lizards (D:1)
  3 rats
38 creatures vanquished.

Notes
Turn   | Place    | Note
-------+----------+-------------------------------------------
     0 | D:1      | qw the Deep Elf Hunter began the quest for the Orb.
     0 | D:1      | Reached XP level 1. HP: 12/12 MP: 3/3
     0 | D:1      | 0 ||| qw: Version: 0.3-a-155-g5e7d8dd
     0 | D:1      | 0 ||| qw: Game counter: 1991
     0 | D:1      | 0 ||| qw: Melee chars always use a shield: true
     0 | D:1      | 0 ||| qw: God list: Okawaru
     0 | D:1      | 0 ||| qw: Allow faded altars: false
     0 | D:1      | 0 ||| qw: Do Orc after clearing Dungeon:15 true
     0 | D:1      | 0 ||| qw: Do second Lair branch before Depths: true
     0 | D:1      | 0 ||| qw: Lair rune preference: random
     0 | D:1      | 0 ||| qw: Goals: Normal
     0 | D:1      | 0 ||| PLANNING D:1-11
   127 | D:1      | HP: 3/12 [jackal (2)]
   130 | D:1      | Reached XP level 2. HP: 5/16 MP: 4/4
   158 | D:1      | Reached skill level 6 in Ranged Weapons
   442 | D:1      | Reached XP level 3. HP: 20/20 MP: 5/5
   845 | D:1      | 845 ||| UPGRADING to +0 scale mail.
   855 | D:1      | 855 ||| DROPPING +0 leather armour.
   856 | D:1      | 856 ||| READING 2 scrolls labelled XOFOEL OWNADD.
   856 | D:1      | 856 ||| IDENTIFYING fizzy clear potion
   857 | D:1      | 857 ||| READING scroll of identify.
   857 | D:1      | 857 ||| IDENTIFYING inky potion
   858 | D:1      | 858 ||| READING scroll labelled BOQEKU QUUWE.
   959 | D:1      | 959 ||| READING scroll labelled SOVUUT WIU.
   960 | D:1      | 960 ||| DRINKING 2 sedimented yellow potions.
   983 | D:1      | 983 ||| DROPPING scroll of butterflies.
   984 | D:1      | 984 ||| DROPPING potion of lignification.
  1206 | D:2      | Reached skill level 7 in Ranged Weapons
  1418 | D:2      | Noticed Natasha
  1424 | D:2      | HP: 2/20 [Natasha (6)]
  1425 | D:2      | Killed from afar by Natasha

Levels and vault maps discovered:
D:1:      doesnt_arrival_eight_statues, layout_basic, grunt_decor_clamped,
          minmay_indecisive_spiral
D:2:      layout_basic, shapermc_ecumenical_altar_mp_vishouse, hex_tiny,
          uniq_terence, uniq_natasha

Skill      XL: |  1  2  3 |
---------------+----------+-----
Ranged Weapons | 6 7 |  7.0
Fighting       | |  1.5
Dodging        | |  2.4
Stealth        | |  1.2

Action                     || total
---------------------------++-------
   Fire: Shortbow          ||   115
    Use: Scroll            ||     4
         Potion            ||     1
 Armour: Leather armour    ||    21
         Scale mail        ||    10
  Dodge: Dodged            ||    41

Table legend:
 A = Non-vault XP
 B = Vault XP
 C = Vault XP percentage of total XP
 D = Non-vault monster count
 E = Vault monster count
 F = Vault count percentage of total count
                 A         B        C        D         E       F
            +---------+---------+-------+---------+---------+-------
      Total |      59 |       7 |  10.6 |      34 |       4 |  10.5
            +---------+---------+-------+---------+---------+-------
        D:1 |      42 |       7 |  14.3 |      25 |       4 |  13.8
        D:2 |      17 |       0 |   0.0 |       9 |       0 |   0.0
            +---------+---------+-------+---------+---------+-------
